 Dungeon Crawl Stone Soup version 0.29.0-4-gdea44cf6ec (webtiles) character file.

Game seed: 7666665694380197843

5672 qw the Grappler (level 10, -5/92 HPs)
             Began as a Troll Cinder Acolyte on Sept 1, 2022.
             Was an Initiate of Ignis.
             Slain by Snorg (18 damage)
             ... on level 10 of the Dungeon.
             The game lasted 00:04:21 (8120 turns).

qw the Grappler (Troll Cinder Acolyte)              Turns: 8120, Time: 00:04:21

Health: -5/92      AC: 12    Str: 28    XL:     10   Next: 47%
Magic:  10/10      EV:  8    Int: 10    God:    Ignis [......]
Gold:   368        SH:  9    Dex:  5    Spells: 11/11 levels left

rFire   + . .      SeeInvis +     - Unarmed
rCold   + . .      Faith    .   p - +0 kite shield
rNeg    . . .      Spirit   .   a - +0 robe
rPois   .          Reflect  .   (helmet restricted)
rElec   .          Harm     .   y - +0 cloak
rCorr   .          Rampage  .   (gloves unavailable)
Will    .....                   (boots unavailable)
Stlth   +.........              (no amulet)
HPRegen 1.05/turn               l - ring of see invisible
MPRegen 0.12/turn               m - ring of protection from cold

@: about to teleport, fiery-armoured
A: large, unfitting armour, claws 3, regeneration 1, shaggy fur 1, tough skin 1
a: Renounce Religion, Rising Flame


You were on level 10 of the Dungeon.
You worshipped Ignis.
Ignis was noncommittal.
You visited 1 branch of the dungeon, and saw 10 of its levels.

You collected 594 gold pieces.
You spent 226 gold pieces at shops.


Innate Abilities, Weirdness & Mutations

You are too large for most types of armour.
You have claws for hands.
Your natural rate of healing is unusually fast.
You are covered in fur. (AC +1)
You have tough skin. (AC +1)


   Skills:
 - Level 4.0 Fighting
 - Level 4.0 Throwing
 - Level 1.1 Dodging
 - Level 9.0 Shields
 + Level 11.0 Unarmed Combat
 - Level 1.0 Spellcasting
 - Level 2.1 Fire Magic


You had 11 spell levels left.
You didn't know any spells.
Your spell library contained the following spells:

 Spells                   Type           Power      Damage    Failure   Level
 Scorch                   Fire           8%         2d5       38%         2

Inventory:

Missiles
 d - 7 large rocks (quivered)
 g - 3 javelins
 j - 4 silver boomerangs
 k - 2 silver javelins
 q - 7 boomerangs
Armour
 a - a +0 robe (worn)
 h - the +1 robe of the Guilds {-Tele Int+5}
   (You bought it in a shop on level 9 of the Dungeon)

   Int:       It affects your intelligence (+5).
   -Tele:     It prevents most forms of teleportation.
 p - a +0 kite shield (worn)
 y - a +0 cloak (worn)
Jewellery
 b - a ring of ice
 f - a ring of fire
 l - a ring of see invisible (left claw)
 m - a ring of protection from cold (right claw)
 u - a ring of willpower
Scrolls
 c - a scroll of identify
 n - a scroll of teleportation
 x - a scroll of enchant weapon
Potions
 e - a potion of cancellation
 i - a potion of haste
 r - a potion of lignification {unknown}
 s - a potion of heal wounds {unknown}
 t - a potion of might {unknown}

Dungeon Overview and Level Annotations

Branches:
Dungeon (10/15)            Temple (0/1) D:6
   Lair: D:8-11         Orc: D:9-12

Altars:
Ashenzari
Elyvilon
Gozag
Hepliaklqana
Kikubaaqudgha
Okawaru
Qazlal
Sif Muna
Uskayaw
Vehumet
Zin
The Shining One

Shops:
D:5 [   D:9 [

Annotations:
D:10 Snorg


Message History

Snorg barely misses you. Snorg claws you!
Snorg is burned by your cloak of flames.
Snorg is lightly wounded.
Snorg claws you!
Snorg is burned by your cloak of flames.
Snorg is lightly wounded.
Snorg bites you!!
Snorg is burned by your cloak of flames.
Snorg is lightly wounded.
Snorg claws you but does no damage.
Snorg is burned by your cloak of flames.
Snorg is lightly wounded.
Snorg completely misses you.
You closely miss Snorg.
Snorg is lightly wounded.
Snorg closely misses you. You block Snorg's attack. Snorg claws you!
Snorg is burned by your cloak of flames.
Snorg is lightly wounded.
You closely miss Snorg.
Snorg is lightly wounded.
Snorg barely misses you. x3
You mangle Snorg!!
Snorg is moderately wounded.
Snorg barely misses you. x2; Snorg claws you!
Snorg is burned by your cloak of flames.
Snorg is heavily wounded.
Snorg closely misses you. Snorg claws you but does no damage.
Snorg is burned by your cloak of flames.
Snorg is heavily wounded.
Snorg claws you but does no damage.
Snorg is burned by your cloak of flames.
Snorg is heavily wounded.
8120 ||| READING 2 scrolls of teleportation.
As you read the scroll of teleportation, it crumbles to dust.
You feel strangely unstable. Snorg bites you!
Snorg is burned by your cloak of flames.
Snorg is heavily wounded.
Snorg closely misses you. Snorg claws you!!
You die...

.. ... ....#.#
#.. ... ....#.#
#).##..#.......
.............
............
######.#........
.......o........
######))....#
#...@To..#...[#
#.#####..# #..
#.#.. #..#
#.#.#.#/...
#.#.#.#..... #.
###.....#.##....
#.####.....###.#
.###
##............#.#
. ..............#


You could see Snorg (berserk) and an orc.

Vanquished Creatures
  A kobold demonologist (D:9)
  A hornet (D:10)
  5 yaks (D:9)
  A wraith (D:9)
  A steam dragon (D:4)
  2 water moccasins
  2 orc warriors
  2 ice beasts
  2 ogres
  4 black bears
  A sky beast (D:7)
  A wolf (D:5)
  A centaur (D:9)
  3 kobold brigands
  4 gnoll sergeants
  A necrophage (D:4)
  3 bullfrogs
  3 scorpions
  6 wights (D:6)
  5 killer bees (D:8)
  3 howler monkeys
  3 jellies
  4 hounds
  3 gnoll boudas
  3 orc priests
  3 iguanas
  16 orc wizards
  28 gnolls
  9 adders
  2 shadow imps
  3 worms
  A dart slug (D:3)
  44 orcs
  6 endoplasms
  6 giant cockroaches
  8 goblins
  3 hobgoblins (D:4)
  9 jackals
  21 kobolds
  2 quokkas (D:3)
  5 ball pythons
  5 bats
  A frilled lizard (D:1)
  5 rats
242 creatures vanquished.

Vanquished Creatures (others)
  A kobold (D:4)
  A butterfly (D:6)
  6 demonic plants (D:1)
  2 plants (D:1)
10 creatures vanquished.

Grand Total: 252 creatures vanquished

Notes
Turn   | Place    | Note
-------+----------+-------------------------------------------
     0 | D:1      | qw the Troll Cinder Acolyte began the quest for the Orb.
     0 | D:1      | Reached XP level 1. HP: 22/22 MP: 1/1
     0 | D:1      | 0 ||| qw: Version: 0.1-a-97-g2dd2ca4
     0 | D:1      | 0 ||| qw: Game counter: 4841
     0 | D:1      | 0 ||| qw: Always use a shield: true
     0 | D:1      | 0 ||| qw: God list: Okawaru
     0 | D:1      | 0 ||| qw: Allow faded altars: false
     0 | D:1      | 0 ||| qw: Do Orc after D:15 true
     0 | D:1      | 0 ||| qw: Do second Lair branch before Depths: true
     0 | D:1      | 0 ||| qw: Lair rune preference: random
     0 | D:1      | 0 ||| qw: Plans: Normal
     0 | D:1      | 0 ||| PLANNING D:1-11
    89 | D:1      | 89 ||| Stepping ~*~*~tactically~*~*~ (stealth).
   180 | D:1      | 180 ||| Stepping ~*~*~tactically~*~*~ (outnumbered).
   215 | D:1      | Reached XP level 2. HP: 26/29 MP: 2/2
   268 | D:1      | 268 ||| Stepping ~*~*~tactically~*~*~ (stealth).
   281 | D:1      | 281 ||| Stepping ~*~*~tactically~*~*~ (stealth).
   315 | D:1      | Found a faded altar of an unknown god.
   316 | D:1      | 316 ||| Stepping ~*~*~tactically~*~*~ (stealth).
   317 | D:1      | 317 ||| Stepping ~*~*~tactically~*~*~ (stealth).
   332 | D:1      | Reached skill level 4 in Unarmed Combat
   342 | D:1      | 342 ||| INVOKING Fiery Armour.
   384 | D:1      | 384 ||| Stepping ~*~*~tactically~*~*~ (stealth).
   388 | D:1      | Reached XP level 3. HP: 36/36 MP: 3/3
   672 | D:1      | 672 ||| READING scroll labelled FAGUBI VUQUI.
   673 | D:1      | 673 ||| READING scroll labelled NAATTUREST.
   752 | D:2      | Reached skill level 1 in Throwing
  1251 | D:2      | 1251 ||| READING scroll labelled REHETZA BIUX.
  1277 | D:3      | Reached XP level 4. HP: 44/44 MP: 4/4
  1710 | D:3      | Reached skill level 5 in Unarmed Combat
  2041 | D:3      | Found a radiant altar of Vehumet.
  2052 | D:3      | Reached XP level 5. HP: 50/50 MP: 5/5
  2055 | D:3      | Found an ancient bone altar of Kikubaaqudgha.
  2068 | D:3      | Found a shimmering blue altar of Sif Muna.
  2069 | D:3      | 2069 ||| INVOKING Fiery Armour.
  2070 | D:3      | 2070 ||| Stepping ~*~*~tactically~*~*~ (outnumbered).
  2073 | D:3      | Reached skill level 6 in Unarmed Combat
  2149 | D:3      | 2149 ||| UPGRADING to ring of see invisible.
  2150 | D:3      | 2150 ||| READING scroll labelled XOKKASMO COCIAH.
  2151 | D:3      | 2151 ||| DRINKING 2 grey potions.
  2211 | D:4      | Reached XP level 6. HP: 52/59 MP: 6/6
  2235 | D:4      | Noticed a steam dragon
  2254 | D:4      | Killed a steam dragon
  2255 | D:4      | Reached skill level 7 in Unarmed Combat
  2389 | D:4      | 2389 ||| INVOKING Fiery Armour.
  2390 | D:4      | Reached XP level 7. HP: 33/66 MP: 7/7
  2455 | D:4      | Reached skill level 8 in Unarmed Combat
  2484 | D:4      | 2484 ||| Stepping ~*~*~tactically~*~*~ (outnumbered).
  2486 | D:4      | 2486 ||| Stepping ~*~*~tactically~*~*~ (outnumbered).
  2494 | D:4      | 2494 ||| Stepping ~*~*~tactically~*~*~ (stealth).
  2498 | D:4      | Reached skill level 3 in Fighting
  2548 | D:4      | 2548 ||| Stepping ~*~*~tactically~*~*~ (stealth).
  2745 | D:4      | 2745 ||| Stepping ~*~*~tactically~*~*~ (stealth).
  2747 | D:4      | Reached skill level 9 in Unarmed Combat
  2748 | D:4      | 2748 ||| Stepping ~*~*~tactically~*~*~ (stealth).
  2749 | D:4      | 2749 ||| Stepping ~*~*~tactically~*~*~ (stealth).
  2750 | D:4      | 2750 ||| Stepping ~*~*~tactically~*~*~ (stealth).
  3255 | D:4      | 3255 ||| UPGRADING to ring of protection from cold.
  3256 | D:4      | 3256 ||| READING 3 scrolls labelled IMOISM VIWNAEP.
  3259 | D:4      | 3259 ||| READING scroll labelled CAES REXZA.
  3260 | D:4      | 3260 ||| READING scroll labelled KASKY GABBA.
  3261 | D:4      | 3261 ||| READING 2 scrolls of identify.
  3261 | D:4      | 3261 ||| IDENTIFYING lumpy brown potion
  3262 | D:4      | 3262 ||| DROPPING potion of attraction.
  3268 | D:5      | Entered Level 5 of the Dungeon
  3328 | D:5      | Reached skill level 1 in Dodging
  3342 | D:5      | 3342 ||| Stepping ~*~*~tactically~*~*~ (stealth).
  3343 | D:5      | 3343 ||| Stepping ~*~*~tactically~*~*~ (stealth).
  3352 | D:5      | Reached XP level 8. HP: 75/75 MP: 8/8
  3447 | D:5      | 3447 ||| DRINKING 4 potions of curing.
  3447 | D:5      | 3447 ||| (to cure confusion)
  3448 | D:5      | 3448 ||| DRINKING 3 potions of curing.
  3448 | D:5      | 3448 ||| (to cure confusion)
  3459 | D:5      | 3459 ||| Stepping ~*~*~tactically~*~*~ (hiding).
  3460 | D:5      | 3460 ||| Stepping ~*~*~tactically~*~*~ (hiding).
  3461 | D:5      | 3461 ||| Stepping ~*~*~tactically~*~*~ (hiding).
  3463 | D:5      | 3463 ||| Stepping ~*~*~tactically~*~*~ (stealth).
  3477 | D:5      | 3477 ||| Stepping ~*~*~tactically~*~*~ (stealth).
  3479 | D:5      | 3479 ||| Stepping ~*~*~tactically~*~*~ (hiding).
  3482 | D:5      | 3482 ||| Stepping ~*~*~tactically~*~*~ (hiding).
  3484 | D:5      | 3484 ||| Stepping ~*~*~tactically~*~*~ (hiding).
  3490 | D:5      | 3490 ||| Stepping ~*~*~tactically~*~*~ (outnumbered).
  3498 | D:5      | 3498 ||| INVOKING Fiery Armour.
  3517 | D:5      | 3517 ||| FLEEEEING.
  3541 | D:5      | 3541 ||| FLEEEEING.
  3548 | D:5      | 3548 ||| STAIRDANCE
  3559 | D:4      | 3559 ||| READING 2 scrolls of identify.
  3559 | D:4      | 3559 ||| IDENTIFYING fizzy blue potion
  3560 | D:4      | 3560 ||| DROPPING potion of degeneration.
  3568 | D:5      | Found a glowing silver altar of Zin.
  3575 | D:5      | 3575 ||| Stepping ~*~*~tactically~*~*~ (stealth).
  3590 | D:5      | Reached skill level 10 in Unarmed Combat
  3598 | D:5      | 3598 ||| Stepping ~*~*~tactically~*~*~ (stealth).
  3607 | D:5      | 3607 ||| Stepping ~*~*~tactically~*~*~ (stealth).
  3610 | D:5      | 3610 ||| Stepping ~*~*~tactically~*~*~ (stealth).
  3611 | D:5      | 3611 ||| Stepping ~*~*~tactically~*~*~ (stealth).
  3667 | D:5      | 3667 ||| Stepping ~*~*~tactically~*~*~ (stealth).
  3669 | D:5      | 3669 ||| Stepping ~*~*~tactically~*~*~ (hiding).
  3681 | D:5      | 3681 ||| INVOKING Fiery Armour.
  3711 | D:5      | 3711 ||| Stepping ~*~*~tactically~*~*~ (stealth).
  3716 | D:5      | Reached skill level 3 in Throwing
  3740 | D:5      | 3740 ||| Stepping ~*~*~tactically~*~*~ (hiding).
  3983 | D:5      | Found Metoite's Armour Shop.
  4182 | D:5      | 4182 ||| UPGRADING to +0 kite shield.
  4187 | D:5      | 4187 ||| READING 2 scrolls of identify.
  4187 | D:5      | 4187 ||| IDENTIFYING sapphire potion
  4229 | D:6      | Reached skill level 1 in Shields
  4603 | D:6      | Found an opulent altar of Gozag.
  4618 | D:6      | 4618 ||| Stepping ~*~*~tactically~*~*~ (hiding).
  4741 | D:6      | 4741 ||| Stepping ~*~*~tactically~*~*~ (stealth).
  4745 | D:6      | 4745 ||| Stepping ~*~*~tactically~*~*~ (stealth).
  4752 | D:6      | 4752 ||| Stepping ~*~*~tactically~*~*~ (stealth).
  4775 | D:6      | Found a staircase to the Ecumenical Temple.
  4779 | D:6      | Found a hide-covered altar of Uskayaw.
  4801 | D:6      | Found a glowing golden altar of the Shining One.
  4824 | D:6      | Found a white marble altar of Elyvilon.
  4826 | D:6      | 4826 ||| Stepping ~*~*~tactically~*~*~ (stealth).
  4833 | D:6      | 4833 ||| Stepping ~*~*~tactically~*~*~ (outnumbered).
  4838 | D:6      | 4838 ||| Stepping ~*~*~tactically~*~*~ (outnumbered).
  4842 | D:6      | Reached skill level 3 in Shields
  4842 | D:6      | Reached XP level 9. HP: 67/84 MP: 9/9
  4842 | D:6      | 4842 ||| Stepping ~*~*~tactically~*~*~ (outnumbered).
  5022 | D:6      | 5022 ||| Stepping ~*~*~tactically~*~*~ (stealth).
  5100 | D:6      | 5100 ||| INVOKING Fiery Armour.
  5345 | D:6      | 5345 ||| READING scroll labelled ILYUQU USUO.
  5346 | D:6      | 5346 ||| READING 2 scrolls of teleportation.
  5427 | D:7      | 5427 ||| Stepping ~*~*~tactically~*~*~ (stealth).
  5434 | D:7      | 5434 ||| Stepping ~*~*~tactically~*~*~ (outnumbered).
  5440 | D:7      | 5440 ||| Stepping ~*~*~tactically~*~*~ (outnumbered).
  5472 | D:7      | 5472 ||| Stepping ~*~*~tactically~*~*~ (stealth).
  5475 | D:7      | 5475 ||| INVOKING Fiery Armour.
  5516 | D:7      | Reached skill level 6 in Shields
  5700 | D:7      | 5700 ||| Stepping ~*~*~tactically~*~*~ (hiding).
  5742 | D:7      | 5742 ||| Stepping ~*~*~tactically~*~*~ (stealth).
  5746 | D:7      | 5746 ||| Stepping ~*~*~tactically~*~*~ (hiding).
  5748 | D:7      | 5748 ||| Stepping ~*~*~tactically~*~*~ (hiding).
  5756 | D:7      | 5756 ||| DRINKING 2 potions of curing.
  5756 | D:7      | 5756 ||| (to cure confusion)
  5768 | D:7      | You fall into a shaft and drop 1 floor!
  5793 | D:8      | 5793 ||| INVOKING Fiery Armour.
  5794 | D:8      | HP: 17/84 [killer bee (8)]
  5795 | D:8      | 5795 ||| READING 4 scrolls of teleportation.
  5796 | D:8      | HP: 8/84 [killer bee (2)]
  5798 | D:8      | 5798 ||| DRINKING potion of curing.
  5798 | D:8      | 5798 ||| (to cure poison)
  5800 | D:8      | Found a broken altar of Ashenzari.
  6236 | D:8      | Found a stormy altar of Qazlal.
  6268 | D:8      | 6268 ||| Stepping ~*~*~tactically~*~*~ (outnumbered).
  6269 | D:8      | 6269 ||| Stepping ~*~*~tactically~*~*~ (outnumbered).
  6270 | D:8      | 6270 ||| Stepping ~*~*~tactically~*~*~ (outnumbered).
  6408 | D:8      | 6408 ||| Stepping ~*~*~tactically~*~*~ (hiding).
  6412 | D:8      | 6412 ||| Stepping ~*~*~tactically~*~*~ (outnumbered).
  6444 | D:8      | Found an iron altar of Okawaru.
  6565 | D:8      | 6565 ||| Stepping ~*~*~tactically~*~*~ (stealth).
  6677 | D:8      | Found a hazy altar of Hepliaklqana.
  6893 | D:8      | 6893 ||| UPGRADING to +0 cloak.
  6898 | D:8      | 6898 ||| READING scroll labelled UPNU BAAMAMOJ.
  6899 | D:8      | 6899 ||| READING scroll labelled MUC YDIRIOKLUM.
  6900 | D:8      | 6900 ||| READING scroll labelled DIURPH WY QAECW.
  6901 | D:8      | 6901 ||| DRINKING 2 fizzy pink potions.
  6902 | D:8      | 6902 ||| READING 3 scrolls of identify.
  6902 | D:8      | 6902 ||| IDENTIFYING blue potion
  6903 | D:8      | 6903 ||| READING 2 scrolls of identify.
  6903 | D:8      | 6903 ||| IDENTIFYING emerald potion
  6904 | D:8      | 6904 ||| DROPPING potion of invisibility.
  6905 | D:8      | 6905 ||| DROPPING potion of berserk rage.
  6953 | D:9      | Reached XP level 10. HP: 58/92 MP: 10/10
  7078 | D:9      | 7078 ||| INVOKING Fiery Armour.
  7081 | D:9      | HP: 23/92 [gnoll sergeant/+4 trident of holy wrath (5)]
  7082 | D:9      | 7082 ||| READING 3 scrolls of teleportation.
  7266 | D:9      | Found Leuhof's Armour Shoppe.
  7270 | D:9      | 7270 ||| Stepping ~*~*~tactically~*~*~ (hiding).
  7271 | D:9      | 7271 ||| Stepping ~*~*~tactically~*~*~ (hiding).
  7382 | D:9      | 7382 ||| BUYING +1 robe of the Guilds {-Tele Int+5} (226
                  | gold).
  7382 | D:9      | Bought the +1 robe of the Guilds {-Tele Int+5} for 226 gold
                  | pieces
  7404 | D:9      | 7404 ||| Stepping ~*~*~tactically~*~*~ (outnumbered).
  7405 | D:9      | 7405 ||| Stepping ~*~*~tactically~*~*~ (outnumbered).
  7406 | D:9      | 7406 ||| Stepping ~*~*~tactically~*~*~ (hiding).
  7415 | D:9      | Reached skill level 11 in Unarmed Combat
  7418 | D:9      | 7418 ||| INVOKING Fiery Armour.
  7739 | D:9      | 7739 ||| Stepping ~*~*~tactically~*~*~ (stealth).
  7744 | D:9      | 7744 ||| Stepping ~*~*~tactically~*~*~ (outnumbered).
  7750 | D:9      | 7750 ||| Stepping ~*~*~tactically~*~*~ (outnumbered).
  7751 | D:9      | 7751 ||| INVOKING Fiery Armour.
  7752 | D:9      | 7752 ||| Stepping ~*~*~tactically~*~*~ (outnumbered).
  7754 | D:9      | 7754 ||| Stepping ~*~*~tactically~*~*~ (outnumbered).
  7755 | D:9      | 7755 ||| Stepping ~*~*~tactically~*~*~ (outnumbered).
  7756 | D:9      | 7756 ||| Stepping ~*~*~tactically~*~*~ (outnumbered).
  7757 | D:9      | 7757 ||| Stepping ~*~*~tactically~*~*~ (outnumbered).
  7906 | D:10     | Entered Level 10 of the Dungeon
  7937 | D:10     | 7937 ||| Stepping ~*~*~tactically~*~*~ (stealth).
  7939 | D:10     | 7939 ||| Stepping ~*~*~tactically~*~*~ (hiding).
  7946 | D:10     | 7946 ||| Stepping ~*~*~tactically~*~*~ (outnumbered).
  8100 | D:10     | Noticed Snorg
  8101 | D:10     | 8101 ||| INVOKING Fiery Armour.
  8102 | D:10     | 8102 ||| Stepping ~*~*~tactically~*~*~ (outnumbered).
  8103 | D:10     | 8103 ||| DRINKING potion of curing.
  8103 | D:10     | 8103 ||| (to cure confusion)
  8105 | D:10     | 8105 ||| Stepping ~*~*~tactically~*~*~ (outnumbered).
  8112 | D:10     | 8112 ||| Stepping ~*~*~tactically~*~*~ (outnumbered).
  8116 | D:10     | Reached skill level 9 in Shields
  8119 | D:10     | HP: 23/92 [Snorg (9)]
  8120 | D:10     | 8120 ||| READING 2 scrolls of teleportation.
  8120 | D:10     | Slain by Snorg

Levels and vault maps discovered:
D:1:      lemuel_arrival_behind_the_door_large, layout_basic,
          shapermc_ecumenical_altar_gd, minmay_misc_feat_pillars,
          minmay_misc_feat_diagonals, minmay_misc_feat_chi,
          minmay_small_reverse_x
D:2:      layout_rooms, lemuel_another_geyser
D:3:      layout_loops_ring, palyth_temple_overflow_mages
D:4:      minmay_recursive_quarters, layout_basic, hangedman_feature_mirror
D:5:      layout_cave_pools, kennysheep_mini_moat, serial_gnoll_camp,
          gnoll_camp_huts_basic, gnoll_camp_mini_hut, gnoll_camp_mini_hut,
          gnoll_camp_mini_shop, gnoll_camp_mini_hut
D:6:      layout_loops_ring, nicolae_elyvilon_peaceful_grove,
          mainiacjoe_overflow_large_starburst, mainiacjoe_overflow_24_doors,
          minmay_temple_entry_junction_2
D:7:      layout_loops_ring, hangedman_decor_slide_cut
D:8:      layout_gridville, nzn_hepliaklqana_mist_gate, general_overflow_altar,
          mainiacjoe_overflow_small_starburst, mainiacjoe_overflow_brackets,
          nicolae_underground_beach
D:9:      layout_roguey, serial_shops, nicolae_shop_statue_plus
D:10:     layout_basic, uniq_maggie, uniq_snorg

Skill      XL: |  1  2  3  4  5  6  7  8  9 10 |
---------------+-------------------------------+-----
Unarmed Combat | 4 5 6 7 9 10 11 | 11.0
Throwing       | 1 2 3 4 |  4.0
Fighting       | 3 4 |  4.0
Dodging        | 1 |  1.1
Shields        | 3 8 9 |  9.0
Spellcasting   | |  1.0
Fire Magic     | |  2.1

Action                   |  1- 3 |  4- 6 |  7- 9 | 10-12 || total
-------------------------+-------+-------+-------+-------++-------
Melee: Unarmed           |   102 |    90 |   343 |    98 ||   633
       Punch             |     1 |     2 |     7 |       ||    10
Throw: Javelin           |    29 |    22 |    63 |       ||   114
       Boomerang         |       |       |    14 |       ||    14
       Large rock        |       |       |     4 |     4 ||     8
Invok: Fiery Armour      |     1 |     2 |     5 |     4 ||    12
  Use: Scroll            |     3 |     1 |    14 |     2 ||    20
       Potion            |       |     1 |     5 |     1 ||     7
Armor: Robe              |    45 |    28 |    66 |    33 ||   172
Dodge: Dodged            |    40 |    22 |    91 |    47 ||   200
Block: Kite shield       |       |       |    51 |    49 ||   100

Table legend:
 A = Non-vault XP
 B = Vault XP
 C = Vault XP percentage of total XP
 D = Non-vault monster count
 E = Vault monster count
 F = Vault count percentage of total count
                 A         B        C        D         E       F
            +---------+---------+-------+---------+---------+-------
      Total |    7088 |    1016 |  12.5 |     202 |      40 |  16.5
            +---------+---------+-------+---------+---------+-------
        D:1 |      40 |       7 |  14.9 |      24 |       4 |  14.3
        D:2 |      48 |       0 |   0.0 |      17 |       0 |   0.0
        D:3 |      80 |     203 |  71.7 |      17 |       6 |  26.1
        D:4 |     683 |     235 |  25.6 |      17 |      11 |  39.3
        D:5 |     520 |     571 |  52.3 |      18 |      19 |  51.4
        D:6 |    1134 |       0 |   0.0 |      27 |       0 |   0.0
        D:7 |     960 |       0 |   0.0 |      27 |       0 |   0.0
        D:8 |     829 |       0 |   0.0 |      18 |       0 |   0.0
        D:9 |    2193 |       0 |   0.0 |      26 |       0 |   0.0
       D:10 |     601 |       0 |   0.0 |      11 |       0 |   0.0
            +---------+---------+-------+---------+---------+-------
